 Dungeon Crawl Stone Soup version 0.23.2-1-ga50397a6bc (webtiles) character file.

Game seed: 15782972860178676197

275 Kobolds4U the Sneak (level 6, -7/32 HPs)
             Began as a Deep Elf Conjurer on Apr 23, 2019.
             Killed by nerve-wracking pain
             ... invoked by Grinder
              (13 damage)
             ... on level 4 of the Dungeon.
             The game lasted 00:07:53 (3575 turns).

Kobolds4U the Sneak (Deep Elf Conjurer)             Turns: 3575, Time: 00:07:54

Health: -7/32      AC:  4    Str:  6    XL:     6   Next: 3%
Magic:  0/12       EV: 15    Int: 21    God:
Gold:   134        SH:  0    Dex: 15    Spells: 5/11 levels left

rFire    . . .     SeeInvis .   i - +0 dagger
rCold    . . .     Gourm    .   (no shield)
rNeg     . . .     Faith    .   a - +0 robe
rPois    .         Spirit   .   (no helmet)
rElec    .         Reflect  .   q - +0 cloak
rCorr    .         Harm     .   o - +0 pair of gloves
MR       .....                  (no boots)
Stlth    +++.......             (no amulet)
HPRegen  0.10/turn              (no ring)
MPRegen  0.13/turn              (no ring)

@: no status effects
A: no striking features
a: no special abilities


You were on level 4 of the Dungeon.
You were not hungry.

You visited 1 branch of the dungeon, and saw 4 of its levels.

You collected 134 gold pieces.

Inventory:

Hand Weapons
 i - a +0 dagger (weapon)
Armour
 a - a +0 robe (worn)
 o - a +0 pair of gloves (worn)
 q - a +0 cloak (worn)
Jewellery
 j - an uncursed ring of teleportation
Wands
 p - a wand of paralysis (4)
Scrolls
 b - a scroll of blinking {unknown}
 f - a scroll of identify {unknown}
 m - 3 scrolls of remove curse
 n - a scroll of magic mapping {unknown}
Potions
 d - a potion of resistance {unknown}
 e - a potion of berserk rage {unknown}
 g - a potion of invisibility {unknown}
 h - 2 potions of ambrosia {unknown}
 k - a potion of curing {unknown}
 l - 2 potions of agility {unknown}
 s - a potion of brilliance {unknown}
Comestibles
 c - 6 rations
 r - 3 chunks of flesh


   Skills:
 + Level 4.9 Dodging
 - Level 6.0 Stealth
 - Level 3.0 Spellcasting
 - Level 4.3 Conjurations
 + Level 3.0 Hexes


You had 5 spell levels left.
You knew the following spells:

 Your Spells              Type           Power        Failure   Level  Hunger
a - Magic Dart            Conj           ###.         2%          1    None
b - Searing Ray           Conj           ###...       3%          2    ##.....
c - Dazzling Spray        Conj/Hex       ###...       9%          3    ###....

Your spell library contained the following spells:

 Spells                   Type           Power        Failure   Level  Hunger
 Iskenderun's Mystic Bla  Conj           ###.....     22%         4    ####...
 Fulminant Prism          Conj/Hex       ###.......   28%         4    ####...
 Force Lance              Conj/Tloc      ##......     47%         4    ####...


Dungeon Overview and Level Annotations

Branches:
Dungeon (4/15)
 Temple: D:4-7

Altars:
Sif Muna

Annotations:
D:4 Grinder


Message History

Aim: Grinder (severely wounded)
The searing ray hits Grinder!
Grinder is almost dead. (Press . to maintain the ray.) Grinder misses you.
The searing ray hits Grinder but does no damage.
Grinder is almost dead.
Grinder says, "FISH!"
Grinder closely misses you.
Without enough magic to sustain it, your searing ray dissipates.
Grinder hits you but does no damage. Grinder hits you!
* * * LOW HITPOINT WARNING * * *
You writhe in agony.
* * * LOW HITPOINT WARNING * * *
Grinder blinks!
There is an open door here.
Grinder gestures at you. Pain shoots through your body!
You die...

##'##########'#########.........#
................#.....#.....#####
...............รท#.....#.....#
................#.....#.....#
................#.....+.....#
................#....5#.....#
................#.....#.....#
................#'#####.....#
################@...........+
+............#####
#.............(...
#.................
#.................
#.................
########.......... #..........
#..........


You could see Grinder.

Vanquished Creatures
  A scorpion (D:4)
  A hound (D:3)
  4 adders
  7 gnolls
  3 oozes
  A worm (D:3)
  2 dart slugs
  3 leopard geckos
  An orc (D:3)
  3 ball pythons
  3 bats (D:3)
  4 giant cockroaches
  10 goblins
  9 hobgoblins
  2 jackals (D:1)
  6 kobolds
  3 quokkas
  5 frilled lizards
  6 rats
74 creatures vanquished.

Notes
Turn   | Place    | Note
-------+----------+-------------------------------------------
     0 | D:1      | Kobolds4U the Deep Elf Conjurer began the quest for the
                  | Orb.
     0 | D:1      | Reached XP level 1. HP: 10/10 MP: 6/6
   101 | D:1      | Reached skill level 3 in Stealth
   165 | D:1      | Reached XP level 2. HP: 15/15 MP: 6/8
   711 | D:1      | Reached skill level 4 in Stealth
   903 | D:1      | Reached XP level 3. HP: 18/19 MP: 6/9
  1319 | D:2      | Reached XP level 4. HP: 24/24 MP: 10/10
  1324 | D:2      | Reached skill level 5 in Stealth
  1592 | D:2      | Found a deep blue altar of Sif Muna.
  1612 | D:2      | Learned a level 2 spell: Searing Ray
  1616 | D:2      | Learned a level 3 spell: Dazzling Spray
  2160 | D:3      | Reached skill level 1 in Hexes
  2160 | D:3      | Reached XP level 5. HP: 23/28 MP: 6/11
  2669 | D:3      | Reached skill level 6 in Stealth
  3499 | D:4      | Reached XP level 6. HP: 32/32 MP: 12/12
  3558 | D:4      | Noticed Grinder
  3575 | D:4      | Killed from afar by Grinder

Skill      XL: |  1  2  3  4  5 |
---------------+----------------+-----
Stealth        | 3 4 5 6 |  6.0
Dodging        | 3 4 |  4.9
Hexes          | 1 3 |  3.0
Spellcasting   | |  3.0
Conjurations   | |  4.3

Action                   |  1- 3 |  4- 6 || total
-------------------------+-------+-------++-------
Melee: Dagger            |    20 |    79 ||    99
 Cast: Magic Dart        |    40 |    44 ||    84
       Searing Ray       |       |     8 ||     8
  Use: Scroll            |       |     1 ||     1
 Stab: Sleeping          |     8 |    16 ||    24
  Eat: Chunk             |     1 |     7 ||     8
Armor: Robe              |     2 |    23 ||    25
Dodge: Dodged            |    14 |    69 ||    83
